 Dungeon Crawl Stone Soup version 0.29.1-4-g47bece8355 (webtiles) character file.

Game seed: 13103549491250178008

10957 IcyTea the Arsonist (level 11, -17/86 HPs)
             Began as a Pale Draconian Cinder Acolyte on Dec 9, 2022.
             Was a Believer of Ignis.
             Demolished by a death yak simulacrum (19 damage)
             ... in an ice cave.
             The game lasted 00:57:25 (11910 turns).

IcyTea the Arsonist (DrCA)                         Turns: 11910, Time: 00:57:28

Health: -17/86     AC: 17    Str: 15    XL:     11   Next: 43%
Magic:  17/22      EV: 15    Int: 18    God:    Ignis [**....]
Gold:   913        SH:  0    Dex: 11    Spells: 18/25 levels left

rFire   + . .      SeeInvis .   b - +3 demon whip (vamp)
rCold   + . .      Faith    .   (no shield)
rNeg    . . .      Spirit   .   (body armour unavailable)
rPois   .          Reflect  .   (helmet restricted)
rElec   .          Harm     .   h - +2 cloak
rCorr   .          Rampage  .   (no gloves)
Will    .....                   (no boots)
Stlth   ++........              m - amulet of regeneration
HPRegen 1.04/turn               r - ring of protection from cold
MPRegen 0.18/turn               J - +4 ring of evasion

@: fiery-armoured, slowed, very slow
A: breathe steam, AC +7, unfitting armour, cold-blooded, steam resistance, agile
1, MP-powered wands
a: Breathe Steam, Renounce Religion, Fiery Armour, Foxfire Swarm, Rising Flame


You were in an ice cave.
You worshipped Ignis.
Ignis was pleased with you.
You visited 2 branches of the dungeon, and saw 12 of its levels.
You also visited: Bailey and Ice Cave.

You collected 913 gold pieces.

Inventory:

Hand Weapons
 b - a +3 vampiric demon whip (weapon)
 q - a +3 quarterstaff of chaos
 u - a +3 mace
 F - a +4 flail
 G - the +8 sling "Qifoazot" {vorpal, Str+3 Dex+2}
   (You found it on level 8 of the Dungeon)

   Any ammunition fired from it inflicts extra damage upon your enemies.
   Str:       It affects your strength (+3).
   Dex:       It affects your dexterity (+2).
 M - the +9 mace of Accord {venom, rPois Dex+2}
   (You found it on level 3 of the Dungeon)

   It poisons the flesh of those it strikes.
   Dex:       It affects your dexterity (+2).
   rPois:     It protects you from poison.
Missiles
 i - 53 poisoned darts
 A - 3 curare-tipped darts
 B - 21 boomerangs
 K - 2 throwing nets
Armour
 h - a +2 cloak (worn)
Magical Staves
 a - a staff of fire
Jewellery
 m - an amulet of regeneration (around neck)
 r - a ring of protection from cold (left hand)
 s - a ring of ice
 v - an amulet of guardian spirit
 J - a +4 ring of evasion (right hand)
Wands
 g - a wand of digging (6)
 o - a wand of iceblast (22)
 E - a wand of flame (29)
 L - a wand of mindburst (4)
 Q - a wand of light (1)
Scrolls
 d - 2 scrolls of enchant weapon
 n - a scroll of summoning
 p - a scroll of silence
 w - 4 scrolls of teleportation
 y - a scroll of vulnerability
 z - a scroll of butterflies
 N - a scroll of amnesia
 O - a scroll of brand weapon
 P - a scroll of fear
Potions
 c - 4 potions of cancellation
 e - 5 potions of curing
 f - 3 potions of mutation
 j - 5 potions of lignification
 t - a potion of ambrosia
 x - a potion of haste
 C - a potion of berserk rage
 D - a potion of resistance
 H - 5 potions of flight
 R - a potion of brilliance
Miscellaneous
 k - a lightning rod (4/4)
 I - a phial of floods


   Skills:
 - Level 5.0 Fighting
 + Level 8.0(8.1) Maces & Flails
 - Level 0.4(5.0) Staves
 - Level 3.7 Stealth
 - Level 7.8 Spellcasting
 - Level 5.4 Conjurations
 - Level 3.6 Translocations
 - Level 10.5 Fire Magic
 - Level 5.0 Air Magic
 - Level 4.4 Poison Magic
 - Level 2.3 Evocations


You had 18 spell levels left.
You knew the following spells:

 Your Spells              Type           Power      Damage    Failure   Level
a - Scorch                Fire           88%        2d9       1%          2
b - Blink                 Tloc           40%        N/A       3%          2
c - Mephitic Cloud        Conj/Pois/Air  24%        N/A       4%          3

Your spell library contained the following spells:

 Spells                   Type           Power      Damage    Failure   Level
 Magic Dart               Conj           100%       1d8       1%          1
 Call Imp                 Summ           7%         N/A       16%         2
 Confusing Touch          Hex            7%         N/A       30%         3
 Manifold Assault         Tloc           20%        N/A       52%         5
 Summon Forest            Summ/Tloc      6%         N/A       78%         5
 Summon Mana Viper        Hex/Summ       7%         N/A       95%         5
 Yara's Violent Unravell  Hex/Tmut       3%         3d4       95%         5
 Summon Cactus Giant      Summ           3%         N/A       100%        6
 Enfeeble                 Hex            3%         N/A       100%        7
 Storm Form               Tmut/Air       8%         N/A       100%        7


Dungeon Overview and Level Annotations

Branches:
Dungeon (11/15)            Temple (1/1) D:7            Lair (0/5) D:9
    Orc (0/2) D:9          Bailey (visited)           IceCv (1/1)

Altars:
Ashenzari
Cheibriados
Dithmenos
Elyvilon
Fedhas
Gozag
Hepliaklqana
Kikubaaqudgha
Makhleb
Nemelex Xobeh
Okawaru
Qazlal
Ru
Sif Muna
Trog
Uskayaw
Vehumet
Wu Jian
Xom
Yredelemnul
Zin
The Shining One

Shops:
D:4 =


Innate Abilities, Weirdness & Mutations

You can breathe blasts of scalding, opaque steam.
Your pale cyan-grey scales are hard. (AC +7)
You cannot fit into any form of body armour.
You are cold-blooded and may be slowed by cold attacks.
You are immune to the effects of steam.
You are agile. (Dex +4, Str/Int -1)
You expend magic power (3 MP) to strengthen your wands.


Message History

The foxfire hits the freezing wraith but does no damage.
The foxfire hits the death yak simulacrum.
The death yak simulacrum melts!
The death yak simulacrum is heavily damaged.
The foxfire hits the death yak simulacrum.
The death yak simulacrum melts!
The death yak simulacrum is severely damaged.
The foxfire hits the polar bear simulacrum.
The polar bear simulacrum melts!
The polar bear simulacrum is heavily damaged.
The foxfire hits the death yak simulacrum.
The death yak simulacrum is severely damaged.
The foxfire hits the freezing wraith but does no damage.
The foxfire hits the death yak simulacrum but does no damage.
The death yak simulacrum is severely damaged.
The foxfire hits the freezing wraith but does no damage.
The foxfire hits the death yak simulacrum but does no damage.
The death yak simulacrum is severely damaged.
The foxfire hits the death yak simulacrum but does no damage.
The death yak simulacrum is severely damaged.
The foxfire hits the death yak simulacrum but does no damage.
The death yak simulacrum is severely damaged.
The foxfire hits the freezing wraith.
The freezing wraith is lightly damaged.
The foxfire hits the freezing wraith.
The freezing wraith is lightly damaged.
The foxfire hits the death yak simulacrum but does no damage.
The death yak simulacrum is severely damaged.
The foxfire hits the death yak simulacrum but does no damage.
The death yak simulacrum is severely damaged.
The foxfire hits the death yak simulacrum but does no damage.
The death yak simulacrum is severely damaged.
The freezing wraith hits you.
* * * LOW HITPOINT WARNING * * *
The freezing wraith freezes you. You resist.
* * * LOW HITPOINT WARNING * * *
The freezing wraith closely misses you. The death yak simulacrum gores you!
* * * LOW HITPOINT WARNING * * *
The death yak simulacrum freezes you!! You resist.
You die...

#######
##§§§§§##
##§§§§§§.##
#.§..@....#
#....WZZ....#
#...........#
#...........#
#.............#
#....8...8....#
#......?......#
##....?[$....##


You could see a freezing wraith, a death yak simulacrum and a polar bear
simulacrum.

Vanquished Creatures
  A two-headed ogre (D:10)
  Sonja (D:10)
  Pikel (D:8)
  2 unseen horrors (D:11)
  4 trolls
  A wyvern (D:8)
  5 yaks (D:10)
  Grum (D:8)
  3 wargs (D:9)
  A water moccasin (D:9)
  15 orc warriors
  3 ice beasts
  2 sky beasts (D:6)
  4 ogres
  3 wolves (D:8)
  A lemure (D:8)
  5 centaurs
  2 phantoms
  2 bullfrogs
  4 kobold brigands
  2 scorpions
  3 necrophages
  2 gnoll sergeants
  11 wights
  8 killer bees (D:9)
  3 howler monkeys
  9 orc priests
  4 hounds
  2 jellies (D:6)
  Crazy Yiuf (D:2)
  2 gnoll boudas (D:9)
  3 iguanas
  22 orc wizards
  A polar bear simulacrum (IceCv)
  A troll simulacrum (D:11)
  A wolf simulacrum (IceCv)
  Robin (D:2)
  18 gnolls
  10 adders
  A shadow imp (D:5)
  A white imp (D:6)
  An ufetubus (D:4)
  3 dart slugs
  43 orcs
  6 ball pythons
  3 endoplasms
  4 giant cockroaches
  19 goblins
  4 hobgoblins
  7 jackals
  6 quokkas
  11 bats
  5 frilled lizards
  39 kobolds
  2 rats
320 creatures vanquished.

Vanquished Creatures (others)
  80 foxfires
80 creatures vanquished.

Grand Total: 400 creatures vanquished

Notes
Turn   | Place    | Note
-------+----------+-------------------------------------------
     0 | D:1      | IcyTea the Draconian Cinder Acolyte began the quest for the
                  | Orb.
     0 | D:1      | Reached XP level 1. HP: 19/19 MP: 2/2
    88 | D:1      | Reached XP level 2. HP: 17/26 MP: 3/3
    91 | D:1      | Learned a level 2 spell: Scorch
   381 | D:1      | Found a faded altar of an unknown god.
   553 | D:1      | Reached skill level 4 in Fire Magic
  1059 | D:2      | Reached XP level 3. HP: 31/31 MP: 1/4
  1275 | D:2      | Found a burning altar of Makhleb.
  1317 | D:2      | Noticed Robin
  1338 | D:2      | Killed Robin
  1680 | D:2      | Reached XP level 4. HP: 38/38 MP: 5/5
  1705 | D:2      | Reached skill level 5 in Fire Magic
  1940 | D:2      | Found a runed translucent door.
  1941 | D:2      | Noticed Crazy Yiuf
  1975 | D:2      | Gained mutation: You expend magic power (3 MP) to
                  | strengthen your wands. [potion of mutation]
  1975 | D:2      | Gained mutation: You are agile. (Dex +4, Str/Int -1)
                  | [potion of mutation]
  1990 | D:2      | Killed Crazy Yiuf
  2256 | D:3      | Noticed a bullfrog
  2264 | D:3      | Killed a bullfrog
  2265 | D:3      | Reached XP level 5. HP: 45/45 MP: 2/9
  2527 | D:3      | Identified the +9 mace of Accord {venom, rPois Dex+2}
  2544 | D:3      | Learned a level 2 spell: Blink
  2925 | D:4      | Noticed a phantom
  2928 | D:4      | Reached skill level 1 in Translocations
  2931 | D:4      | Killed a phantom
  2932 | D:4      | Reached XP level 6. HP: 38/51 MP: 2/10
  3002 | D:4      | Identified the +0 robe of Elyvilon's Hatred {Dex+7}
  3439 | D:4      | Found Zekuidi's Jewellery Shoppe.
  3468 | D:4      | Found a hide-covered altar of Uskayaw.
  3521 | D:5      | Entered Level 5 of the Dungeon
  3521 | D:5      | Noticed an ice beast
  3528 | D:5      | Killed an ice beast
  3529 | D:5      | Reached skill level 5 in Maces & Flails
  3529 | D:5      | Your scales start taking on a pale cyan-grey colour.
  3529 | D:5      | Reached XP level 7. HP: 57/57 MP: 4/11
  3529 | D:5      | Gained mutation: You are immune to the effects of steam.
                  | [Pale Draconian growth]
  3709 | D:5      | Found a sparkling altar of Nemelex Xobeh.
  3840 | D:5      | Found an ancient bone altar of Kikubaaqudgha.
  4299 | D:5      | Reached XP level 8. HP: 63/63 MP: 7/12
  4471 | D:6      | Reached skill level 6 in Fire Magic
  4483 | D:6      | Learned a level 3 spell: Mephitic Cloud
  4907 | D:6      | Reached skill level 1 in Conjurations
  5087 | D:6      | Reached skill level 1 in Poison Magic
  5250 | D:6      | Found a blossoming altar of Fedhas.
  5447 | D:6      | Found a bloodstained altar of Trog.
  5487 | D:6      | Reached skill level 5 in Spellcasting
  5650 | D:7      | Reached XP level 9. HP: 70/70 MP: 9/16
  5865 | D:7      | Reached skill level 5 in Air Magic
  5885 | D:7      | Found a staircase to the Ecumenical Temple.
  5894 | Temple   | Entered the Ecumenical Temple
  6131 | D:7      | Reached skill level 7 in Fire Magic
  6949 | D:8      | Reached skill level 8 in Fire Magic
  7212 | D:8      | Identified the +8 sling "Qifoazot" {vorpal, Str+3 Dex+2}
  7329 | D:8      | Noticed Grum
  7352 | D:8      | Killed Grum
  7702 | D:8      | Found a broken altar of Ashenzari.
  7901 | D:8      | Reached XP level 10. HP: 73/77 MP: 1/20
  8031 | D:8      | Noticed Pikel
  8044 | D:8      | Killed Pikel
  8339 | D:9      | Found a flagged portal.
  8370 | D:9      | Reached skill level 1 in Stealth
  8409 | D:9      | Found a staircase to the Lair.
  8556 | Bailey   | Entered a bailey
  8884 | Bailey   | Reached skill level 5 in Fighting
  9447 | D:9      | Found a staircase to the Orcish Mines.
  9611 | D:9      | Found a shimmering altar of Xom.
  9736 | D:9      | Reached skill level 5 in Conjurations
 10066 | D:9      | Found a faded altar of an unknown god.
 10066 | D:9      | Found an iron altar of Okawaru.
 10075 | D:9      | Found a basalt altar of Yredelemnul.
 10077 | D:9      | Found a stormy altar of Qazlal.
 10078 | D:9      | Found an ornate altar of the Wu Jian Council.
 10519 | D:10     | Entered Level 10 of the Dungeon
 10595 | D:10     | Noticed a two-headed ogre
 10603 | D:10     | Killed a two-headed ogre
 10604 | D:10     | Reached skill level 9 in Fire Magic
 10604 | D:10     | Reached XP level 11. HP: 74/86 MP: 10/21
 10777 | D:10     | Found a radiant altar of Vehumet.
 10834 | D:10     | Identified the +2 leather armour of Fimowkuypp {rC+ Dex+2}
 10851 | D:10     | Noticed Sonja
 10862 | D:10     | Killed Sonja
 10919 | D:10     | Reached skill level 10 in Fire Magic
 10989 | D:10     | Found a white marble altar of Elyvilon.
 11753 | D:11     | Identified a scroll of acquirement
 11769 | D:11     | Acquired a +3 vampiric demon whip
 11807 | D:11     | Found a frozen archway.
 11901 | IceCv    | Entered an ice cave
 11910 | IceCv    | HP: 2/86 [death yak simulacrum (11)]
 11910 | IceCv    | Demolished by a death yak simulacrum

Illustrated notes

Levels and vault maps discovered:
D:1:      sevenhm_arrival_forest_fort_large_1, layout_loops_ring,
          hellmonk_ecumenical_altar_crossroads,
          amcnicky_mini_rare_corridor_liquid
D:2:      layout_basic, basic_altar, uniq_crazy_yiuf_cottage, uniq_robin
D:3:      layout_basic
D:4:      layout_layer_cave, nicolae_uskayaw_suspiria, serial_shops,
          nicolae_shop_temple_entry_statues_fountains
D:5:      layout_cave_pods, mainiacjoe_overflow_cross_hatched,
          overflow_temple_1_default
D:6:      layout_gridville, lightli_temple_of_fire, general_overflow_altar
D:7:      layout_basic, minmay_temple_entry_slanted
D:8:      layout_basic, mainiacjoe_overflow_alcove_1, serial_rivers,
          chequers_serial_rivers_micro_b, chequers_serial_rivers_micro_b,
          chequers_serial_rivers_room_a, chequers_serial_rivers_small_3,
          chequers_serial_rivers_large_b, chequers_serial_rivers_micro_b,
          chequers_serial_rivers_micro_c, abandoned_shop, uniq_grum, uniq_pikel
D:9:      layout_loops_corners, tgw_xom, chequers_temple_overflow_minitemple,
          erik_lair_orcish_takeover, minmay_orc_entry_temple_small,
          enter_bailey_3
D:10:     layout_loops_corners, mainiacjoe_overflow_brackets,
          fiery_altar_vehumet, uniq_sonja
D:11:     layout_small_grid, portal_ice_cave_entry_ice_simulacra
Temple:   hellmonk_temple_rainy
IceCv:    ice_cave_statue_garden_transporter

Skill      XL: |  1  2  3  4  5  6  7  8  9 10 11 |
---------------+----------------------------------+-----
Fire Magic     | 4 5 6 8 9 10 | 10.5
Spellcasting   | 3 5 7 |  7.8
Translocations | 2 3 |  3.6
Maces & Flails | 5 7 8 |  8.0
Air Magic      | 3 5 |  5.0
Conjurations   | 3 4 5 |  5.4
Poison Magic   | 2 4 |  4.4
Stealth        | 3 |  3.7
Fighting       | 5 |  5.0
Evocations     | 2 |  2.3
Staves         | |  0.4

Action                   |  1- 3 |  4- 6 |  7- 9 | 10-12 || total
-------------------------+-------+-------+-------+-------++-------
Melee: Mace              |   102 |    57 |    59 |   148 ||   366
       Tailslap          |     5 |     6 |     5 |    26 ||    42
       Punch             |     1 |       |       |     5 ||     6
       Quarterstaff      |       |    11 |       |       ||    11
       Staff             |       |    38 |    11 |    79 ||   128
       Demon whip        |       |       |       |     4 ||     4
Throw: Dart              |       |       |     6 |       ||     6
 Cast: Scorch            |     9 |    22 |   128 |   155 ||   314
       Mephitic Cloud    |       |       |     4 |     7 ||    11
       Blink             |       |       |     1 |       ||     1
Invok: Fiery Armour      |       |     1 |       |     1 ||     2
       Foxfire Swarm     |       |     1 |     2 |     1 ||     4
 Abil: Breathe Steam     |       |       |     4 |     1 ||     5
  Use: Scroll            |     3 |     2 |     8 |     5 ||    18
       Potion            |       |     3 |     5 |     2 ||    10
 Stab: Confused          |       |       |     1 |       ||     1
       Sleeping          |       |       |       |     1 ||     1
Armor: Skin              |    61 |    57 |    35 |   132 ||   285
Dodge: Dodged            |    92 |    73 |    90 |   253 ||   508
